 Dungeon Crawl Stone Soup version 0.20-a0-1018-ge435b50 (webtiles) character file.

68 Zoots the Skirmisher (level 4, -2/36 HPs)
             Began as a Demonspawn Abyssal Knight on Apr 17, 2017.
             Was a Believer of Lugonu.
             Slain by a worm (7 damage)
             ... on level 2 of the Dungeon.
             The game lasted 00:04:12 (1585 turns).

Zoots the Skirmisher (Demonspawn Abyssal Knight)    Turns: 1585, Time: 00:04:13

Health: -2/36      AC:  5    Str: 13    XL:     4   Next: 1%
Magic:  6/6        EV: 10    Int: 14    God:    Lugonu [**....]
Gold:   29         SH:  0    Dex: 12    Spells: 3/3 levels left

rFire    . . .     SeeInvis .   a - +1 hand axe
rCold    . . .     Gourm    .   (no shield)
rNeg     . . .     Faith    .   l - +0 ring mail
rPois    .         Spirit   .   (no helmet)
rElec    .         Reflect  .   (no cloak)
rCorr    .         Harm     .   (no gloves)
MR       .....                  (no boots)
Stlth    ..........             (no amulet)
Regen    0.2/turn               (no ring)
MPRegen  0.1/turn               (no ring)

@: no status effects
A: hooves 1
a: Depart the Abyss, Bend Space, Renounce Religion


You were on level 2 of the Dungeon.
You worshipped Lugonu.
Lugonu was pleased with you.
You were not hungry.

You visited 1 branch of the dungeon, and saw 2 of its levels.
You visited the Abyss 1 time.

You collected 29 gold pieces.

Inventory:

Hand Weapons
 a - a +1 hand axe (weapon)
Armour
 b - a +0 leather armour
 l - a +0 ring mail (worn)
Scrolls
 d - a scroll of magic mapping {unknown}
 e - 2 scrolls of enchant armour {unknown}
 i - 5 scrolls of remove curse {unknown}
 m - a scroll of amnesia {unknown}
 n - a scroll of identify {unknown}
Potions
 g - a potion of heal wounds
 h - a potion of lignification {unknown}
 j - a potion of agility {unknown}
 k - a potion of brilliance {unknown}
 p - 2 potions of flight {unknown}
Comestibles
 c - a bread ration
 f - a meat ration
 o - 6 chunks of flesh
 q - 2 fruits


   Skills:
 + Level 3.6 Fighting
 + Level 2.6 Axes
 + Level 2.3 Armour
 + Level 1.0 Dodging
 + Level 2.9 Invocations


You had 3 spell levels left.
You didn't know any spells.

Dungeon Overview and Level Annotations

Branches:
Dungeon (2/15)

Altars:
Fedhas
Sif Muna


Innate Abilities, Weirdness & Mutations

You have large cloven feet.


Message History

The worm closely misses you.
You hit the worm.
The worm is almost dead.
You hit the worm.
The worm is almost dead.
The worm bites you.
You barely miss the worm.
The worm is almost dead.
The worm bites you!
* * * LOW HITPOINT WARNING * * *
You hit the worm but do no damage. You kick the worm, but do no damage.
The worm is severely wounded.
The worm bites you.
* * * LOW HITPOINT WARNING * * *
You hit the worm. Your kick misses the worm.
The worm is severely wounded.
You hit the worm.
The worm is almost dead.
The worm bites you!
You die...

.##.....######.####...####
.....(..'.............+.>#
###....####.#.###....##.#
#.....# #.#.# #....##.# .#
#.....# #.#.. #.......# .#
###.).# #.##.########.####
.# #...# #..
.............# .# #...#
### #w#######.##.# .#
##...#### #@.# #.##.#
.####.......# ##.# #.##.#
≈...........# #.## #.##.#
#...........# #..#
#.##.##### #...........#
##'#####.##......
#.....#########
#........########
#.............#
#........#.......
..............#
#........#.######
..............#
###...##[#.#<....


You could see a worm.

Vanquished Creatures
  Terence (D:2)
  A worm (D:2)
  2 dart slugs (D:1)
  A leopard gecko (D:2)
  A ball python (D:1)
  A giant cockroach (D:1)
  4 goblins
  4 hobgoblins
  3 jackals (D:1)
  4 kobolds (D:1)
  A quokka (D:2)
  8 bats
  A frilled lizard (D:1)
  4 rats
36 creatures vanquished.

Notes
Turn   | Place    | Note
-------+----------+-------------------------------------------
     0 | Abyss:1  | Zoots the Demonspawn Abyssal Knight began the quest for the Orb.
     0 | Abyss:1  | Reached XP level 1. HP: 18/18 MP: 2/2
    13 | D:1      | Escaped the Abyss
    96 | D:1      | Gained mutation: You have large cloven feet. [demonic ancestry]
    96 | D:1      | Reached XP level 2. HP: 17/24 MP: 3/3
   872 | D:1      | Reached XP level 3. HP: 29/29 MP: 5/5
   935 | D:1      | Reached ** piety under Lugonu
  1323 | D:2      | Found a faded altar of an unknown god.
  1368 | D:2      | Found a deep blue altar of Sif Muna.
  1371 | D:2      | Noticed Terence
  1402 | D:2      | Killed Terence
  1402 | D:2      | Reached skill level 1 in Dodging
  1442 | D:2      | Found a blossoming altar of Fedhas.
  1552 | D:2      | Reached XP level 4. HP: 24/36 MP: 6/6
  1585 | D:2      | Slain by a worm

Vault maps used:
D:1:      dpeg_arrival_pond
D:2:      old_standard_altar, lemuel_doored_altar,
          chequers_ecumenical_altar_island, uniq_terence

Skill      XL: |  1  2  3 |
---------------+----------+-----
Axes           | 2 |  2.6
Armour         | 2 |  2.3
Dodging        | 1 |  1.0
Fighting       | |  3.6
Invocations    | |  2.9

Action                   |  1- 3 |  4- 6 || total
-------------------------+-------+-------++-------
Melee: Hand axe          |   129 |    13 ||   142
       Kick              |    17 |     3 ||    20
  Use: Potion            |     1 |       ||     1
  Eat: Chunk             |     2 |       ||     2
Armor: Leather armour    |    16 |       ||    16
       Ring mail         |    36 |     4 ||    40
Dodge: Dodged            |    91 |     5 ||    96
